 Dungeon Crawl Stone Soup version 0.17-a0-1485-g22cb0ee (webtiles) character file.

3402 licio the Grappler (level 9, -5/80 HPs)
             Began as a Troll Monk on July 5, 2015.
             Killed from afar by Joseph (36 damage)
             ... with a wand of cold
             ... on level 8 of the Dungeon.
             The game lasted 00:08:14 (6380 turns).

licio the Grappler (Troll Monk)                     Turns: 6380, Time: 00:08:15

Health: -5/80      AC: 14    Str: 22    XL:     9   Next: 75%
Magic:  12/12      EV:  8    Int:  8    God:
Gold:   271        SH:  0    Dex: 12    Spells: 0 memorised, 8 levels left

rFire  + + .     SeeInvis .       - Unarmed
rCold  x . .     Clarity  .     e - +2 fire dragon armour
rNeg   . . .     SustAt   .     (no shield)
rPois  .         Gourm    +     (helmet restricted)
rElec  .         Spirit   .     q - +0 cloak
rCorr  .         Warding  .     (gloves unavailable)
rMut   .         Rnd*Tele +     (boots unavailable)
MR     .....                    (no amulet)
Stlth  ..........               t - ring "Lotausi" {+/*Tele +Inv}
                                (no ring)

@: not resistant to hostile enchantments, extremely unstealthy
A: unfitting armour, claws 3, fast metabolism 3, gourmand, regeneration 2,
shaggy fur 1, tough skin 2
a: Evoke Invisibility, Evoke Teleportation


You were on level 8 of the Dungeon.
You were very full.

You visited 2 branches of the dungeon, and saw 9 of its levels.

You collected 388 gold pieces.
You spent 117 gold pieces at shops.

Inventory:

Hand weapons
 b - a +0 giant club
Missiles
 m - 7 javelins (quivered)
Armour
 e - a +2 fire dragon armour (worn)
 q - a +0 cloak (worn)
Jewellery
 k - an uncursed ring of flight
 o - an uncursed ring of teleportation
 t - the ring "Lotausi" (right claw) {+/*Tele +Inv}
   (You found it on level 6 of the Dungeon)

   [ring of teleportation]

   It may teleport you to nearby monsters, and can be evoked to randomly
   teleport.
   It lets you turn invisible.
 A - an uncursed amulet of resist mutation
Magical devices
 a - a wand of disintegration (19)
 n - a wand of fire (13)
 p - a wand of confusion (4)
 r - a wand of frost (22)
 B - a wand of lightning (8)
Scrolls
 c - a scroll of fog
 d - a scroll of remove curse
 f - a scroll of amnesia
 h - 17 scrolls of identify
 j - 2 scrolls of teleportation
 l - a scroll of fear
 y - 3 scrolls of recharging
Potions
 g - 8 potions of curing
 s - 2 potions of resistance
 v - a potion of invisibility
 x - a potion of berserk rage {unknown}
 z - a potion of haste
Books
 w - a book of Conjurations

   Spells                             Type                      Level
   a - Magic Dart                     Conjuration                  1
   b - Searing Ray                    Conjuration                  2
   c - Dazzling Spray                 Conjuration/Hexes            3
   d - Fulminant Prism                Conjuration/Hexes            4
   e - Iskenderun's Mystic Blast      Conjuration                  4
   f - Iskenderun's Battlesphere      Conjuration/Charms           5
Comestibles
 i - 7 fruits
 u - a slice of pizza
 V - 8 meat rations
 Z - 10 bread rations


   Skills:
 - Level 2.4 Fighting
 - Level 2.4 Dodging
 - Level 1.1 Stealth
 - Level 12.1 Unarmed Combat
 * Level 5.5 Evocations


You had 8 spell levels left.
You didn't know any spells.

Dungeon Overview and Level Annotations

Branches:
Dungeon (8/15)             Temple (1/1) D:5            Lair (0/8) D:8

Altars:
Ashenzari
Cheibriados
Dithmenos
Elyvilon
Fedhas
Kikubaaqudgha
Okawaru
Qazlal
Ru
Sif Muna
Trog
Xom
Yredelemnul
The Shining One

Shops:
D:4 *

Annotations:
D:8 Joseph


Innate Abilities, Weirdness & Mutations

You are too large for most types of armour.
You have claws for hands.
Your metabolism is lightning-fast.
You like to eat raw meat.
You heal very quickly.
You are covered in fur (AC +1).
You have very tough skin (AC +2).


Message History

Joseph zaps a wand.
The bolt of cold hits you!
You feel a terrible chill!
Joseph is nearby!
Joseph zaps a wand.
The bolt of cold hits you!
You feel a terrible chill!
Joseph is nearby!
Joseph zaps a wand.
The bolt of cold hits you!
You feel a terrible chill!
Joseph is nearby!
You claw Joseph!
Joseph begins to bleed from his wounds!
Joseph is lightly wounded.
Joseph zaps a wand.
The bolt of cold misses you.
You mangle Joseph!!
Joseph is moderately wounded.
You barely miss Joseph.
Joseph is heavily wounded.
Joseph says, "I'm here to kill trespassers.
I like my job."
Joseph unwields an uncursed hunting sling.
Joseph wields an uncursed quarterstaff.
Joseph hits you but does no damage.
You scratch Joseph but do no damage.
Joseph is heavily wounded.
Joseph zaps a wand.
The bolt of cold hits you!
You feel a terrible chill!
You die...

.....### # .......##.#.
....P...#.#.## #####.
.............. .....
..>.......##.# #...
..........##.###.###
P.......# #.#.....#
.......#####.#...%.###.#
.....####.(.....@@.....#
##........#..#.....#####
##########..#.....#
#..####### #..# #..#
#..# #..# #..$


You could see Joseph (bleeding).

Vanquished Creatures
  Pikel (D:5)
  An elephant (D:8)
  Eustachio (D:5)
  A yak (D:8)
  An orc warrior (D:6)
  3 slaves (D:5)
  4 sky beasts
  An ogre (D:5)
  A black bear (D:6)
  2 centaurs
  A big kobold (D:7)
  A crocodile (D:8)
  5 giant frogs
  A scorpion (D:6)
  A water moccasin zombie (D:6)
  A vampire bat (D:7)
  6 crimson imps
  An orc wizard (D:4)
  3 hounds
  A jelly (D:6)
  2 orc priests (D:4)
  Crazy Yiuf (D:2)
  A giant frog skeleton (D:6)
  A sheep (D:8)
  4 worker ants
  8 gnolls
  7 adders
  3 shadow imps
  5 worms
  5 giant geckos
  18 orcs
  10 bats
  6 bat skeletons (D:7)
  3 bat zombies (D:7)
  8 giant cockroaches
  7 goblins
  17 hobgoblins
  4 jackals (D:1)
  2 quokkas
  3 ball pythons
  4 giant newts
  A jackal skeleton (D:6)
  23 kobolds
  17 rats
  2 fungi (D:2)
199 creatures vanquished.

Notes
Turn   | Place    | Note
--------------------------------------------------------------
     0 | D:1      | licio the Troll Monk began the quest for the Orb.
     0 | D:1      | Reached XP level 1. HP: 22/22 MP: 0/0
   120 | D:1      | Reached XP level 2. HP: 29/29 MP: 1/1
   564 | D:1      | Reached skill level 5 in Unarmed Combat
   566 | D:1      | Reached XP level 3. HP: 34/36 MP: 2/2
  1108 | D:2      | Reached XP level 4. HP: 44/44 MP: 3/3
  1306 | D:2      | Noticed Crazy Yiuf
  1318 | D:2      | Killed Crazy Yiuf
  1318 | D:2      | Reached skill level 6 in Unarmed Combat
  1450 | D:3      | Found a sacrificial altar of Ru.
  1552 | D:3      | Found a shattered altar of Ashenzari.
  1747 | D:3      | Reached XP level 5. HP: 50/50 MP: 4/4
  2473 | D:4      | Reached skill level 7 in Unarmed Combat
  2575 | D:4      | Reached XP level 6. HP: 29/59 MP: 5/5
  2872 | D:4      | Reached skill level 8 in Unarmed Combat
  2908 | D:4      | Found Osyddaomi's Assorted Antiques.
  2912 | D:4      | Bought a murky green potion for 18 gold pieces
  2912 | D:4      | Bought a ruby potion for 18 gold pieces
  2912 | D:4      | Bought a scroll labeled NYCLUR PAEPT for 21 gold pieces
  2912 | D:4      | Bought a scroll labeled HAOSIY VEFYITHAT for 21 gold pieces
  2912 | D:4      | Bought a green potion for 18 gold pieces
  2912 | D:4      | Bought a scroll labeled QYFRAS NERO for 21 gold pieces
  3133 | D:4      | Found an iron altar of Okawaru.
  3153 | D:4      | Noticed a centaur
  3161 | D:4      | Killed a centaur
  3665 | D:5      | Entered Level 5 of the Dungeon
  3669 | D:5      | Found a staircase to the Ecumenical Temple.
  3725 | D:5      | Reached XP level 7. HP: 63/66 MP: 6/6
  3835 | D:6      | Reached skill level 9 in Unarmed Combat
  3911 | Temple   | Entered the Ecumenical Temple
  4255 | D:5      | Noticed Eustachio
  4272 | D:5      | Killed Eustachio
  4488 | D:5      | Found a shimmering altar of Xom.
  4488 | D:5      | Noticed Pikel
  4495 | D:5      | Killed Pikel
  4495 | D:5      | Reached skill level 11 in Unarmed Combat
  4495 | D:5      | Reached XP level 8. HP: 74/74 MP: 7/7
  4834 | D:6      | Reached skill level 12 in Unarmed Combat
  4843 | D:6      | Reached XP level 9. HP: 52/80 MP: 8/8
  4929 | D:6      | Reached skill level 1 in Evocations
  4963 | D:6      | Got a translucent amber ring
  4964 | D:6      | Identified the ring "Lotausi" {+/*Tele +Inv} (You found it on level 6 of the Dungeon)
  5275 | D:6      | Found a blossoming altar of Fedhas.
  5663 | D:7      | Found an ancient bone altar of Kikubaaqudgha.
  6310 | D:8      | Found a staircase to the Lair.
  6310 | D:8      | Noticed an elephant
  6327 | D:8      | Killed an elephant
  6327 | D:8      | Reached skill level 5 in Evocations
  6371 | D:8      | Noticed Joseph
  6380 | D:8      | Killed from afar by Joseph

Vault maps used:
D:1:      erik_arrival_cave_to_civilisation, st_stairs_9
D:2:      first_bread, uniq_crazy_yiuf_cottage
D:3:      nicolae_ashenzari_panopticon, nicolae_overflow_crystal_walls
D:4:      serial_shops, nicolae_shop_competitors_out_of_business,
          okawaru_gym_becter
D:5:      led_xom_imps, minmay_temple_entry_from_below_a, uniq_pikel,
          uniq_eustachio
D:6:      fedhas_altar_4, minivault_11
D:7:      kennysheep_vampire_church
D:8:      grunt_temple_overflow_gold_and_silver, david_lair_generic,
          serial_shops, shop_fountains, basic_altar, uniq_joseph
Temple:   cyrus_temple_forest_13

Action                   |  1- 3 |  4- 6 |  7- 9 || total
-------------------------+-------+-------+-------++-------
Melee: Unarmed           |   101 |   200 |   283 ||   584
  Use: Potion            |       |    12 |       ||    12
       Scroll            |       |     7 |     2 ||     9
 Stab: Sleeping          |     2 |     6 |       ||     8
  Eat: Chunk             |    15 |    21 |    26 ||    62
       Beef jerky        |       |     1 |       ||     1
